 Dungeon Crawl Stone Soup version 0.25-a0-1007-g10a8c3caa8 (webtiles) character file.

Game seed: 2680788228440814268, levelgen mode: classic

88 Amnesiac the Magician (level 4, -3/24 HPs)
             Began as a Deep Elf Wizard on May 11, 2020.
             Slain by an orc
             ... wielding a +0 morningstar
              (4 damage)
             ... on level 4 of the Dungeon.
             The game lasted 00:03:39 (2970 turns).

Amnesiac the Magician (Deep Elf Wizard)             Turns: 2970, Time: 00:03:40

Health: -3/24      AC:  2    Str:  4    XL:     4   Next: 29%
Magic:  8/12       EV: 13    Int: 24    God:
Gold:   105        SH:  0    Dex: 13    Spells: 1/12 levels left

rFire    + . .     SeeInvis .   b - +1 short sword (venom)
rCold    x . .     Gourm    .   (no shield)
rNeg     . . .     Faith    .   a - +0 robe
rPois    .         Spirit   .   (no helmet)
rElec    .         Reflect  .   (no cloak)
rCorr    .         Harm     .   (no gloves)
MR       .....                  (no boots)
Stlth    ++........             (no amulet)
HPRegen  0.08/turn              f - ring of fire
MPRegen  0.13/turn              (no ring)

@: very slightly contaminated
A: no striking features
a: no special abilities


You were on level 4 of the Dungeon.
You were not hungry.

You visited 1 branch of the dungeon, and saw 4 of its levels.

You collected 105 gold pieces.

Inventory:

Hand Weapons
 b - a +1 short sword of venom (weapon)
Missiles
 h - 20 poisoned darts (quivered)
Armour
 a - a +0 robe (worn)
Jewellery
 f - a ring of fire (left hand)
Scrolls
 c - 2 scrolls of magic mapping {!r, unknown}
 e - a scroll of remove curse {!r, unknown}
 k - 2 scrolls of teleportation {!r, unknown}
 m - a scroll of amnesia {!r, unknown}
Potions
 g - a potion of flight {!q, unknown}
 i - a potion of mutation {!q, unknown}
 j - a potion of heal wounds {!q, unknown}
Comestibles
 d - 7 rations
 l - 2 chunks of flesh


   Skills:
 - Level 2.4 Dodging
 - Level 3.0 Stealth
 - Level 4.5 Spellcasting
 * Level 4.3 Conjurations
 - Level 1.1 Summonings
 - Level 1.1 Translocations


You had one spell level left.
You knew the following spells:

 Your Spells              Type           Power        Failure   Level  Hunger
a - Magic Dart            Conj           ####         1%          1    None
b - Call Imp              Summ           ##......     9%          2    None
e - Mephitic Cloud        Conj/Pois/Air  ##......     16%         3    ##.....
s - Conjure Flame         Conj/Fire      ###.....     12%         3    ##.....
v - Blink                 Tloc           N/A          9%          2    None

Your spell library contained the following spells:

 Spells                   Type           Power        Failure   Level  Hunger
 Slow                     Hex            #.......     14%         2    None


Dungeon Overview and Level Annotations

Branches:
Dungeon (4/15)
 Temple: D:4-7

Altars:


Message History

Press: ? - help, Shift-Dir - straight line, f - orc
Aim: an orc, wielding a +0 short sword The magic dart hits the orc.
The orc is moderately wounded.
Found a stone staircase leading up.
Your crimson imp blinks!
The orc dies!
Casting: Magic Dart (safe; 1% risk of failure)
Confirm with . or Enter, or press ? or * to list all spells.
You can't see any susceptible monsters within range! (Use Z to cast anyway.)
You open the door.
Your crimson imp disappears in a puff of smoke!
There is an open door here.
An orc is nearby!
Casting: Magic Dart (safe; 1% risk of failure)
Confirm with . or Enter, or press ? or * to list all spells.
Aiming: Magic Dart (safe; 1% risk of failure)
Press: ? - help, Shift-Dir - straight line, f - orc
Aim: an orc, wielding a +0 morningstar and wearing a +0 leather armour The magic dart hits the orc but does no damage.
Casting: Magic Dart (safe; 1% risk of failure)
Confirm with . or Enter, or press ? or * to list all spells.
Aiming: Magic Dart (safe; 1% risk of failure)
Press: ? - help, Shift-Dir - straight line, f/p - orc
Aim: an orc, wielding a +0 morningstar and wearing a +0 leather armour The magic dart hits the orc.
The orc is severely wounded.
Casting: Magic Dart (safe; 1% risk of failure)
Confirm with . or Enter, or press ? or * to list all spells.
Aiming: Magic Dart (safe; 1% risk of failure)
Press: ? - help, Shift-Dir - straight line, f/p - orc
Aim: an orc, wielding a +0 morningstar and wearing a +0 leather armour (severely wounded)
You miscast Magic Dart.
You are very lightly contaminated with residual magic.
Nothing appears to happen.
Casting: Magic Dart (safe; 1% risk of failure)
Confirm with . or Enter, or press ? or * to list all spells.
Aiming: Magic Dart (safe; 1% risk of failure)
Press: ? - help, Shift-Dir - straight line, f/p - orc
Aim: an orc, wielding a +0 morningstar and wearing a +0 leather armour (severely wounded)
The magic dart hits the orc but does no damage.
The orc is severely wounded.
Casting: Magic Dart (safe; 1% risk of failure)
Confirm with . or Enter, or press ? or * to list all spells.
Aiming: Magic Dart (safe; 1% risk of failure)
Press: ? - help, Shift-Dir - straight line, f/p - orc
Aim: an orc, wielding a +0 morningstar and wearing a +0 leather armour (severely wounded)
You miscast Magic Dart.
Nothing appears to happen.
The orc closely misses you.
You hit the orc but do no damage.
The orc is severely wounded.
The orc hits you but does no damage.
You hit the orc but do no damage.
The orc is poisoned.
The orc is heavily wounded.
The orc hits you with a +0 morningstar!
Ouch! That really hurt!
* * * LOW HITPOINT WARNING * * *
You completely miss the orc.
The orc is severely wounded.
The orc hits you with a +0 morningstar!
* * * LOW HITPOINT WARNING * * *
You hit the orc but do no damage.
The orc looks even sicker.
The orc is severely wounded.
The orc hits you with a +0 morningstar.
You die...

######'# #....... #.......
#....... ###########.......
#........##.......
#........##....... .
+........++.......
....####@.......##.......
.......o........'........
#.......#........#######.#
#.#.#.#.#........#######.#
#.#<#.#.#..............#.#
#.#.#.#.#.>.......###.##.# ##
#.#.#.#...........#.#.##.# #.
#...#.########.##.....##..
#.#####..##.)....5......^<######


You could see an orc (very poisoned).

Vanquished Creatures
  An ooze (D:2)
  2 worms
  2 dart slugs (D:1)
  3 leopard geckos
  7 giant cockroaches
  3 goblins
  10 hobgoblins
  10 jackals
  A quokka (D:2)
  5 bats
  7 frilled lizards
  8 kobolds
  3 rats (D:1)
62 creatures vanquished.

Vanquished Creatures (collateral kills)
  2 orcs (D:4)
2 creatures vanquished.

Vanquished Creatures (others)
  2 plants (D:1)
2 creatures vanquished.

Grand Total: 66 creatures vanquished

Notes
Turn   | Place    | Note
-------+----------+-------------------------------------------
     0 | D:1      | Amnesiac the Deep Elf Wizard began the quest for the Orb.
     0 | D:1      | Reached XP level 1. HP: 10/10 MP: 7/7
   181 | D:1      | Reached XP level 2. HP: 15/15 MP: 0/9
   645 | D:1      | Learned a level 2 spell: Blink
   648 | D:1      | Learned a level 2 spell: Call Imp
   901 | D:1      | Reached XP level 3. HP: 19/19 MP: 3/11
   906 | D:1      | Learned a level 3 spell: Conjure Flame
   910 | D:1      | Learned a level 3 spell: Mephitic Cloud
  2050 | D:2      | Reached XP level 4. HP: 11/24 MP: 10/12
  2969 | D:4      | HP: 1/24 [orc/+0 morningstar (10)]
  2970 | D:4      | Slain by an orc

Illustrated notes

Levels and vault maps discovered:
D:1:      tarquinn_simple_flora_water_f, layout_rooms, lexackson_kobold_supper
D:2:      minmay_alternating_diamond, layout_basic, minmay_pentomino_pile,
          uniq_robin
D:3:      minmay_wonky_spiral, layout_basic, serial_corexii_hall,
          chequers_hall_statues_wall_a, corexii_hall_statues_i, first_ration
D:4:      cheibrodos_pilgrimage, layout_basic, uniq_crazy_yiuf_cottage

Skill      XL: |  1  2  3 |
---------------+----------+-----
Conjurations   | 2 4 |  4.3
Stealth        | 3 |  3.0
Dodging        | |  2.4
Spellcasting   | |  4.5
Summonings     | |  1.1
Translocations | |  1.1

Action                   |  1- 3 |  4- 6 || total
-------------------------+-------+-------++-------
Melee: Unarmed           |     2 |       ||     2
       Short sword       |    45 |    35 ||    80
 Cast: Magic Dart        |    93 |    12 ||   105
       Call Imp          |       |     1 ||     1
 Stab: Distracted        |     1 |       ||     1
       Sleeping          |       |     1 ||     1
  Eat: Chunk             |     3 |     3 ||     6
Armor: Robe              |    16 |     7 ||    23
Dodge: Dodged            |    63 |    40 ||   103

Table legend:
 A = Non-vault XP
 B = Vault XP
 C = Vault XP percentage of total XP
 D = Non-vault monster count
 E = Vault monster count
 F = Vault count percentage of total count
                 A         B        C        D         E       F
            +---------+---------+-------+---------+---------+-------
      Total |      82 |      44 |  34.9 |      43 |      21 |  32.8
            +---------+---------+-------+---------+---------+-------
        D:1 |      33 |      14 |  29.8 |      17 |       8 |  32.0
        D:2 |      30 |      26 |  46.4 |      17 |      11 |  39.3
        D:3 |       6 |       0 |   0.0 |       3 |       0 |   0.0
        D:4 |      13 |       4 |  23.5 |       6 |       2 |  25.0
            +---------+---------+-------+---------+---------+-------
